 Dungeon Crawl Stone Soup version 0.29.0-5-ge4962eb29e (webtiles) character file.

Game seed: 3968069731361206926

63 night the Stinger (level 3, -6/24 HPs)
             Began as a Demonspawn Venom Mage on Aug 28, 2022.
             Killed from afar by Terence (13 damage)
             ... with a bolt of dispelling energy
             ... on level 2 of the Dungeon.
             The game lasted 00:05:07 (2050 turns).

night the Stinger (Demonspawn Venom Mage)           Turns: 2050, Time: 00:05:08

Health: -6/24      AC:  5    Str:  8    XL:     3   Next: 89%
Magic:  4/7        EV: 12    Int: 18    God:
Gold:   112        SH:  0    Dex: 13    Spells: 2/8 levels left

rFire   . . .      SeeInvis .   g - +1 dagger
rCold   . . .      Faith    .   (no shield)
rNeg    . . .      Spirit   .   a - +0 robe
rPois   .          Reflect  .   (no helmet)
rElec   .          Harm     .   (no cloak)
rCorr   .          Rampage  .   (no gloves)
Will    .....                   h - +2 pair of boots
Stlth   ++........              (no amulet)
HPRegen 0.08/turn               (no ring)
MPRegen 0.20/turn               (no ring)

@: no status effects
A: foul stench 1, magic regeneration
a: no special abilities


You were on level 2 of the Dungeon.
You visited 1 branch of the dungeon, and saw 2 of its levels.

You collected 112 gold pieces.

Inventory:

Hand Weapons
 g - a +1 dagger (weapon)
Missiles
 e - 10 stones
Armour
 a - a +0 robe (worn)
 h - a +2 pair of boots (worn)
Scrolls
 c - a scroll of identify
 d - a scroll of enchant armour
 f - 2 scrolls of teleportation
 i - 3 scrolls of magic mapping
 l - a scroll of fear
Potions
 b - a potion of magic
 j - a potion of heal wounds {unknown}
 k - a potion of mutation {unknown}


   Skills:
 - Level 1.7 Dodging
 - Level 1.7 Stealth
 + Level 3.1 Spellcasting
 - Level 0.8 Transmutations
 + Level 4.0 Poison Magic


You had 2 spell levels left.
You knew the following spells:

 Your Spells              Type           Power      Damage    Failure   Level
a - Sting                 Tmut/Pois      44%        1d5       6%          1
b - Poisonous Vapours     Pois/Air       20%        N/A       11%         2
c - Mephitic Cloud        Conj/Pois/Air  7%         N/A       28%         3

Your spell library contained the following spells:

 Spells                   Type           Power      Damage    Failure   Level
 Olgreb's Toxic Radiance  Pois           17%        N/A       30%         4


Dungeon Overview and Level Annotations

Branches:
Dungeon (2/15)

Altars:

Annotations:
D:2 Terence


Innate Abilities, Weirdness & Mutations

You may rarely emit foul miasma when damaged in melee.
You regenerate magic rapidly.


Message History

Aiming: Poisonous Vapours (safe; 11% risk of failure)
Press: ? - help, Dir - move target, f/p - hobgoblin
Aim: a hobgoblin (poisoned) Poisonous vapours surround the hobgoblin!
The hobgoblin looks even sicker.
There is an open door here.
You start resting.
A hobgoblin is nearby!
Casting: Poisonous Vapours (safe; 11% risk of failure)
Confirm with . or Enter, or press ? or * to list all spells.
Aiming: Sting (safe; 6% risk of failure)
Press: ? - help, Shift-Dir - straight line, f/p - hobgoblin
Aim: a hobgoblin (severely wounded, poisoned, 71% to hit)
The sting hits the hobgoblin.
The hobgoblin looks even sicker.
You kill the hobgoblin!
Magic restored.
Terence the Incautious comes into view.
He is wielding a +0 trident and carrying a wand of quicksilver (12).
Casting: Sting (safe; 6% risk of failure)
Confirm with . or Enter, or press ? or * to list all spells.
Aiming: Poisonous Vapours (safe; 11% risk of failure)
Press: ? - help, Dir - move target, f - Terence
Aim: Terence, wielding a +0 trident, wearing a +0 scale mail and carrying a wand of quicksilver (12) (wandering, hasn't noticed you) Poisonous vapours surround Terence!
Terence is poisoned.
Terence shouts!
Casting: Poisonous Vapours (safe; 11% risk of failure)
Confirm with . or Enter, or press ? or * to list all spells.
Aiming: Poisonous Vapours (safe; 11% risk of failure)
Press: ? - help, Dir - move target, f/p - Terence
Aim: Terence, wielding a +0 trident, wearing a +0 scale mail and carrying a wand of quicksilver (12) (poisoned) Poisonous vapours surround Terence!
Terence looks even sicker.
Terence zaps a wand.
The bolt of dispelling energy hits you!
Terence zaps a wand.
The bolt of dispelling energy hits you!
* * * LOW HITPOINT WARNING * * *
You aren't carrying any items that you can evoke.
As you read the scroll labelled MOSAGOQECSO, it crumbles to dust.
It is a scroll of enchant weapon.
Your +0 dagger glows red for a moment.
Terence zaps a wand.
The bolt of dispelling energy hits you!
Ouch! That really hurt!
You die...

#.#...#.#.........#.##..
#.....#.######.####.##..
.######.#.# #....#.#...
..........# ####.#.#...
.######.###########.#.#... #.
#..............#.#... #.
#................#... #.
###.#......))......+...
.####.###.@...@.........####...
....g...#.#.#.#########.# #.##.
........#.#.#.........#.# #.##)
........#@#.#..#....#.#.# #....
........†.#.#..#.##.#.#.# #.##.
........###.#.....#.#.#.# #.##.
........# #.#.....#.#.#.###.##.
...(....# #.#..>..#.#.#........
........# #.....#.#.#####.##.


You could see Terence (poisoned).

Vanquished Creatures
  An adder (D:2)
  A worm (D:2)
  A dart slug (D:2)
  6 bats
  5 endoplasms
  A goblin (D:1)
  8 hobgoblins
  4 jackals (D:1)
  A quokka (D:2)
  2 ball pythons (D:2)
  2 frilled lizards
  6 kobolds
  9 rats (D:1)
47 creatures vanquished.

Notes
Turn   | Place    | Note
-------+----------+-------------------------------------------
     0 | D:1      | night the Demonspawn Venom Mage began the quest for the
                  | Orb.
     0 | D:1      | Reached XP level 1. HP: 13/13 MP: 3/3
   411 | D:1      | Gained mutation: You regenerate magic rapidly. [demonic
                  | ancestry]
   411 | D:1      | Reached XP level 2. HP: 10/19 MP: 1/5
   616 | D:1      | Learned a level 2 spell: Poisonous Vapours
  1028 | D:1      | Gained mutation: You may rarely emit foul miasma when
                  | damaged in melee. [demonic ancestry]
  1028 | D:1      | Reached XP level 3. HP: 24/24 MP: 0/7
  1032 | D:1      | Learned a level 3 spell: Mephitic Cloud
  1070 | D:1      | Found a faded altar of an unknown god.
  1892 | D:2      | Reached skill level 4 in Poison Magic
  2041 | D:2      | Noticed Terence
  2050 | D:2      | Killed from afar by Terence

Illustrated notes

Levels and vault maps discovered:
D:1:      lightli_arrival_isolated_outpost, layout_basic,
          shapermc_ecumenical_altar_acropolis, minmay_crystal_water,
          minmay_rat_gold_closets
D:2:      layout_basic, uniq_terence, uniq_robin

Skill      XL: |  1  2  3 |
---------------+----------+-----
Spellcasting   | 3 |  3.1
Poison Magic   | 4 |  4.0
Dodging        | |  1.7
Stealth        | |  1.7
Transmutations | |  0.8

Action                   || total
-------------------------++-------
Melee: Unarmed           ||    15
       Dagger            ||    20
 Cast: Sting             ||    56
       Poisonous Vapours ||    34
  Use: Scroll            ||     5
 Stab: Sleeping          ||     1
Armor: Robe              ||    20
Dodge: Dodged            ||    40
